 Dungeon Crawl Stone Soup version 0.29-a0-838-g385bb11a5b (webtiles) character file.

Game seed: 8425784860948648948

32 IdlyInterested the Ducker (level 3, 0/28 HPs)
             Began as a Demonspawn Gladiator on July 13, 2022.
             Constricted to death by a ball python (1 damage)
             ... on level 2 of the Dungeon.
             The game lasted 00:03:42 (1267 turns).

IdlyInterested the Ducker (Demonspawn Gladiator)    Turns: 1267, Time: 00:03:43

Health: 0/28       AC:  8    Str: 16    XL:     3   Next: 10%
Magic:  3/3        EV:  8    Int:  9    God:
Gold:   52         SH:  0    Dex: 14    Spells: 2/2 levels left

rFire   . . .      SeeInvis .   a - +0 flail
rCold   . . .      Faith    .   (no shield)
rNeg    . . .      Spirit   .   j - +0 ring mail
rPois   .          Reflect  .   c - +0 helmet
rElec   .          Harm     .   (no cloak)
rCorr   .          Rampage  .   (no gloves)
Will    .....                   (no boots)
Stlth   +.........              h - amulet of magic regeneration
HPRegen 0.09/turn               (no ring)
MPRegen 0.48/turn               (no ring)

@: constricted
A: slimy green scales 1
a: no special abilities


You were on level 2 of the Dungeon.
You visited 1 branch of the dungeon, and saw 2 of its levels.

You collected 52 gold pieces.

Inventory:

Hand Weapons
 a - a +0 flail (weapon)
Missiles
 d - 3 throwing nets (quivered)
 e - a javelin
Armour
 c - a +0 helmet (worn)
 j - a +0 ring mail (worn)
Magical Staves
 k - a staff of fire
Jewellery
 h - an amulet of magic regeneration (around neck)
Scrolls
 b - a scroll of summoning {unknown}
 f - 2 scrolls of identify {unknown}
 g - 2 scrolls of teleportation {unknown}
 i - a scroll of poison {unknown}
 m - a scroll of fear {unknown}
Potions
 l - a potion of curing {unknown}


   Skills:
 - Level 2.3 Fighting
 + Level 2.9 Maces & Flails
 + Level 1.7 Throwing
 * Level 1.4 Armour
 - Level 3.0 Dodging


You had 2 spell levels left.
You didn't know any spells.
Your spell library contained the following spells:

 Spells                   Type           Power      Damage    Failure   Level
 Ensorcelled Hibernation  Hex/Ice        0%         N/A       75%         2
 Passwall                 Tmut/Erth      0%         N/A       75%         2
 Swiftness                Air            0%         N/A       92%         3


Dungeon Overview and Level Annotations

Branches:
Dungeon (2/15)

Altars:


Innate Abilities, Weirdness & Mutations

You are partially covered in slimy green scales. (AC +2)


Message History

The adder closely misses you. The adder bites you but does no damage.
The dart slug bites you but does no damage.
You closely miss the adder.
The adder is severely wounded.
The adder bites you but does no damage. The adder barely misses you.
You barely miss the adder.
The adder is severely wounded.
The dart slug closely misses you. The adder bites you.
You are poisoned.
The adder poisons you!
You sock the adder!
You kill the adder!
* * * LOW HITPOINT WARNING * * *
You feel sick. The dart slug barely misses you.
You have reached level 3!
Your experience leads to an increase in your attributes!
Increase (S)trength, (I)ntelligence, or (D)exterity?
You feel stronger. x2
You thump the dart slug!
You kill the dart slug!
You feel sick.
Training target 3.0 for Dodging reached!
Your Dodging skill increases to level 3!
Setting a skill training target for Maces & Flails at 14.0.
You start resting.
You feel sick. x3
You are no longer poisoned.
You start resting.
A ball python comes into view.
The ball python hisses angrily.
You barely miss the ball python. The ball python barely misses you.
The ball python grabs you. The ball python constricts you.
You closely miss the ball python. The ball python barely misses you.
The ball python constricts you.
* * * LOW HITPOINT WARNING * * *
The ball python bites you but does no damage.
The ball python constricts you.
You closely miss the ball python. The ball python bites you.
* * * LOW HITPOINT WARNING * * *
The ball python constricts you.
You die...

#.........
#...........
#...........
#...........
###...........
..?..........
#..S........
#.@.........
#............
#......<......
#...........>..
#..............
#............#
####............#
#.............#
#.............#


You could see a ball python.

Vanquished Creatures
  An adder (D:2)
  A dart slug (D:2)
  3 endoplasms
  A giant cockroach (D:1)
  A goblin (D:1)
  4 hobgoblins (D:1)
  A quokka (D:1)
  A ball python (D:1)
  2 bats
  A frilled lizard (D:1)
  4 kobolds (D:1)
20 creatures vanquished.

Notes
Turn   | Place    | Note
-------+----------+-------------------------------------------
     0 | D:1      | IdlyInterested the Demonspawn Gladiator began the quest for
                  | the Orb.
     0 | D:1      | Reached XP level 1. HP: 16/16 MP: 1/1
   595 | D:1      | Gained mutation: You are partially covered in slimy green
                  | scales. (AC +2) [demonic ancestry]
   595 | D:1      | Reached XP level 2. HP: 13/22 MP: 2/2
   792 | D:1      | Reached skill level 1 in Armour
  1239 | D:2      | Reached XP level 3. HP: 7/28 MP: 3/3
  1240 | D:2      | Reached skill level 3 in Dodging
  1267 | D:2      | HP: 1/28 [ball python (3)]
  1267 | D:2      | Constricted to death by a ball python

Illustrated notes

Levels and vault maps discovered:
D:1:      spicycebolla_arrival_xxxplode, layout_basic, serial_bayou_crossing
D:2:      layout_basic, serial_shops, nicolae_shop_stone, basic_altar,
          kennysheep_generic_room_9

Skill      XL: |  1  2  3 |
---------------+----------+-----
Armour         | 1 |  1.4
Dodging        | 3 |  3.0
Fighting       | |  2.3
Maces & Flails | |  2.9
Throwing       | |  1.7

Action                   || total
-------------------------++-------
Melee: Flail             ||    83
Armor: Leather armour    ||     9
       Ring mail         ||    28
Dodge: Dodged            ||    61

Table legend: (Time is in decaauts)
 A = Elapsed time spent in this place.
 B = Non-inter-level travel time spent in this place.
 C = Inter-level travel time spent in this place.
 D = Time resting spent in this place.
 E = Time spent auto-exploring this place.
 F = Levels seen in this place.
 G = Mean time per level.
                   A        B        C        D        E       F      G
               +--------+--------+--------+--------+--------+-----+--------+
         Total |   1296 |   1278 |     18 |    505 |    503 |   2 |  648.0 |
       Dungeon |   1296 |   1278 |     18 |    505 |    503 |   2 |  648.0 |
               +--------+--------+--------+--------+--------+-----+--------+

Top non-repeatable levels by time:
     D:1: 1189 daAuts
     D:2: 107 daAuts
